[Event "*** Titled Tuesday Blitz"]
[Site "Chess.com"]
[Date "2020.04.14"]
[Round "5"]
[White "Suleyman_Chess06"]
[Black "Volodar_Murzin"]
[Result "0-1"]
[WhiteElo "2236"]
[BlackElo "2681"]
[TimeControl "180+1"]
[EndTime "10:53:16 PDT"]
[Termination "Volodar_Murzin won by checkmate"]

1. d4 Nf6 2. Nf3 g6 3. Bf4 Bg7 4. e3 O-O 5. h3 d6 6. Be2 b6 7.
O-O Bb7 8. c3 Nbd7 9. Nbd2 Ne4 10. Nxe4 Bxe4 11. Bd3 Bb7 12. Bh2 c5 13. Re1 Qc8 14.
Rc1 Ba6 15. Qe2 Bxd3 16. Qxd3 Qb7 17. e4 b5 18. e5 dxe5 19. Nxe5 Rad8 20. Qe3 cxd4 21. cxd4 Rc8 22. Bg3 Nf6 23. Qf3 Qxf3 24. Nxf3 Nd5 25. Be5 Bh6 26. Rc5 Rxc5 27. dxc5 Rc8 28.
Bd4 f6 29. Re6 Kf7 30. Ra6 Rc7 31. Ra5 e5 32. Bc3 b4 33. Be1 Bf8 34. c6 Ke6 35. Kf1 Be7 36. b3 Rxc6 37. Rxa7 Rc1 38. Nd2 Bc5 39.
Ra6+ Kf7 40. Ne4 Be7 41. Ra7 Ke6 42. Ra6+ Kf7 43. Ra5 Ke6 44. Ra7 Rd1 45. Ra6+ Kf7 46. g3 Rd4 47. Nd6+ Bxd6 48. Rxd6 Ne3+ 49. fxe3 Rxd6 50.
Bxb4 Ra6 51. a3 Ke6 52. Ke2 e4 53. Kd2 Kd5 54. Kc3 Rc6+ 55. Kd2 f5 56. Bc3 g5 57. a4 h5 58. b4 f4 59. gxf4 gxf4 60. exf4 e3+ 61.
Kd3 Rxc3+ 62. Kxc3 Ke4 63. a5 Kf3 64. a6 e2 65. Kd2 Kf2 66. a7 e1=Q+ 67. Kc2 Qe4+ 68. Kb3 Qb7 69. f5 Qxa7 70. f6 Qf7+ 71. Ka4 Qxf6 72.
b5 Kg3 73. Ka5 Kxh3 74. b6 Qb2 75. Ka6 Kg4 76. b7 h4 77. Ka7 Qa3+ 78. Kb8 Qc5 79.
Ka8 Qa5+ 80. Kb8 h3 81. Kc8 Qc5+ 82. Kb8 h2 83. Ka8 h1=Q 84. Kb8 Qe7 85. Kc8 Qhxb7# 0-1

[Event "*** Titled Tuesday Blitz"]
[Site "Chess.com"]
[Date "2020.04.14"]
[Round "5"]
[White "tornikesanikidze"]
[Black "TranJMinh"]
[Result "1/2-1/2"]
[WhiteElo "2368"]
[BlackElo "2777"]
[TimeControl "180+1"]
[EndTime "10:53:17 PDT"]
[Termination "Game drawn by repetition"]

1. d4 Nf6 2. c4 e6 3. Nf3 b6 4.
a3 Ba6 5. Qb3 Be7 6. Nc3 O-O 7. e4 c5 8. d5 exd5 9. cxd5 Bxf1 10. Kxf1 d6 11. g3 Na6 12. Kg2 Nc7 13. a4 Nd7 14. Bf4 g5 15. Be3 g4 16. Nd2 f5 17. Nc4 Kh8 18. Qd1 Bf6 19. Nxd6 Bxc3 20. bxc3 Ne5 21. Nxf5 Nxd5 22. Qxd5 Qxd5 23. exd5 Rxf5 24.
h3 Rd8 25. hxg4 Nxg4 26. c4 Nxe3+ 27. fxe3 Re8 28. Rhe1 Re4 29. Rad1 Kg7 30. d6 Rf8 31. Rd5 Rd8 32. d7 Re7 33. Red1 Rxe3 34. a5 Re6 35.
axb6 axb6 36. Kf3 Kf7 37. Rh1 h6 38. Kg4 Ke7 39. Rhd1 Rg8+ 40. Kh3 Rd8 41. g4 Re4 42.
Kh4 Rxc4 43. Re1+ Kf7 44. Rf5+ Kg7 45. Re7+ Kg6 46. Re6+ Kg7 47. Re7+ Kg6 48. Rd5 Rd4 49. Re6+ Kf7 50. Rxd4 cxd4 51. Rxb6 Rxd7 52. Rb1 d3 53. Kg3 d2 54. Rd1 Kf6 55. Kf4 Rd3 56. Ke4 Rd7 57. Ke3 Kg5 58. Rxd2 Rf7 59. Rf2 Re7+ 60. Kf3 Ra7 61. Kg3 Ra3+ 62. Rf3 Ra4 63. Rf5+ Kg6 64.
Kh4 Ra3 65. Rb5 Ra6 66. Rb7 Re6 67. Rc7 Rf6 68. Rd7 Re6 69. Rd5 Kf6 70. Rh5 Kg7 71. Rf5 Kg6 72. Ra5 Rb6 73. Rc5 Rd6 74. Rb5 Rf6 75. Rc5 Kf7 76. Rd5 Kg6 77. Rb5 Re6 78. Rc5 Ra6 79. Rb5 Ra1 80. Rb6+ Kg7 81. Kg3 Ra4 82. Rb7+ Kf6 83. Rb6+ Kg5 84. Rb5+ Kg6 85.
Rb6+ Kg5 86. Rb5+ Kg6 87. Kh4 Ra1 88. Rb6+ Kg7 89. Rb7+ Kf6 90. Rb6+ Kg7 1/2-1/2

[Event "*** Titled Tuesday Blitz"]
[Site "Chess.com"]
[Date "2020.04.14"]
[Round "5"]
[White "SARGISMV"]
[Black "Benjoneliere44"]
[Result "1-0"]
[WhiteElo "2487"]
[BlackElo "2630"]
[TimeControl "180+1"]
[EndTime "10:53:23 PDT"]
[Termination "SARGISMV won by resignation"]

1. Nf3 c5 2. c4 g6 3. g3 Bg7 4. Bg2 Nc6 5. Nc3 d6 6. O-O e6 7. a3 Nge7 8. Rb1 a5 9. d3 O-O 10. Bg5 h6 11. Bd2 Kh7 12. Ne1 Qd7 13. Nc2 b6 14. b4 axb4 15. axb4 Bb7 16. bxc5 bxc5 17.
Ne4 Rab8 18. Qc1 f5 19. Nc3 Nd4 20. Nxd4 cxd4 21. Nb5 Bxg2 22. Kxg2 Nc6 23. Rb3 h5 24. Qb2 h4 25. Bg5 h3+ 26. Kxh3 d5 27. c5 e5 28. Kg2 e4 29. Nd6 Be5 30. Rxb8 Rxb8 31. Qa2 Bxd6 32. Qxd5 exd3 33. exd3 Rb5 34. Qxd6 Qxd6 35.
cxd6 Rd5 36. Bf4 g5 37. Bxg5 Rxd6 38. Rc1 Re6 39. h4 Kg6 40. Rb1 Ne5 41. Rb3 Rc6 42. Bf4 Nd7 43. Rb4 Nf6 44. Rxd4 Rc2 45. Rd6 Kf7 46. Be3 Ng4 47. Ba7 Ra2 48. Rd7+ Ke6 49. Rb7 Ra3 50. d4 Ra2 51. d5+ Kxd5 52. h5 Ra6 53.
Rb5+ Ke6 54. Rb6+ Rxb6 55. Bxb6 Nf6 56. h6 Kf7 57. Kf3 Kg6 58. Be3 Ng4 59. Kf4 Nxh6 60. Ke5 Nf7+ 61. Ke6 Nd8+ 62. Kd7 Nf7 63. Ke6 Nd8+ 64.
Kd5 Nf7 65. Bc5 Ng5 66. Ke5 Nf3+ 67. Ke6 Nd2 68. Be3 Ne4 69. Ke5 Nc3 70. Kf4 Nd5+ 71.
Ke5 Nc3 72. Ke6 Ne4 73. Bd4 Nd2 74. Ke5 Ne4 75. g4 Nd2 76. gxf5+ Kf7 77. Be3 Nc4+ 78. Kd5 Nb2 79. Bd4 Nd3 80. f3 Nf4+ 81. Ke4 Nh5 82. Ke5 Ng3 83. Kf4 Nh5+ 84. Kg4 Nf6+ 85. Bxf6 Kxf6 86.
Kf4 Kf7 87. Ke5 Ke7 88. f6+ Kf7 89. Kf5 Kf8 90. Ke6 Kg8 91. f7+ Kf8 92. f4 1-0

[Event "*** Titled Tuesday Blitz"]
[Site "Chess.com"]
[Date "2020.04.14"]
[Round "5"]
[White "Kavyev_Ruslan"]
[Black "afgano29"]
[Result "1-0"]
[WhiteElo "2543"]
[BlackElo "2693"]
[TimeControl "180+1"]
[EndTime "10:53:24 PDT"]
[Termination "Kavyev_Ruslan won by resignation"]

1. e4 c5 2. Nf3 Nc6 3. d4 cxd4 4.
Nxd4 e5 5. Nb5 d6 6. N1c3 a6 7. Na3 b5 8. Nd5 Nce7 9. c4 Nxd5 10. cxd5 f5 11. exf5 Bxf5 12. Bd3 Bxd3 13. Qxd3 Nf6 14. O-O Be7 15. Nc2 O-O 16. Nb4 Qd7 17. h3 Bd8 18. Be3 Qf7 19. Rfd1 Nh5 20. a4 bxa4 21. Rxa4 a5 22. Nc6 Bc7 23. Rc1 Rae8 24. Nxa5 e4 25. Qd2 Bxa5 26. Rxa5 Re5 27. b4 h6 28. Rd1 Rf5 29. b5 Nf4 30. b6 Nd3 31. Rf1 Rxd5 32. Rxd5 Qxd5 33. Rb1 Rf7 34. Qc3 Rb7 35.
Qc8+ Kh7 36. Ra1 Nc5 37. Bxc5 dxc5 38. Rb1 c4 39. Rc1 Rxb6 40. Qxc4 Qf5 41. Re1 Re6 42. Qc2 Qg6 43. Re2 Re5 44. Qc3 Rg5 45. g3 Rd5 46. Qc2 Rd3 47. Kg2 Qf5 48. Kg1 Qf3 49. h4 Qf5 50. Rd2 h5 51. Re2 Kh6 52. Re1 Qf3 53.
Qe2 Rd4 54. Qxf3 exf3 55. Re3 g5 56. hxg5+ Kxg5 57. Rxf3 Rd2 58. Kg2 Ra2 59. Rd3 Rb2 60. Rd5+ Kg4 61. Rd4+ Kg5 62. Kf3 Rb3+ 63. Kg2 Rb2 64.
Kg1 Kf5 65. Rd5+ Kg4 66. Kg2 Ra2 67. Rd4+ Kg5 68. Rh4 Rb2 69. Rf4 Rc2 70. Kh3 Rd2 71. f3 Rc2 72. Rd4 Rc5 73. f4+ Kg6 74. Kh4 Rc1 75.
Rd6+ Kf5 76. Rd5+ Kf6 77. Rxh5 Re1 78. Kg4 Kg6 79. Ra5 Kf6 80. Ra6+ Kf7 81. Kg5 Rc1 82.
f5 Rc5 83. g4 Rc3 84. Ra7+ Ke8 85. Kg6 Rg3 86. g5 Rc3 87. f6 Rc6 88. Kg7 1-0

[Event "*** Titled Tuesday Blitz"]
[Site "Chess.com"]
[Date "2020.04.14"]
[Round "5"]
[White "EvgenyRomanov"]
[Black "Jbd735"]
[Result "1-0"]
[WhiteElo "2394"]
[BlackElo "2432"]
[TimeControl "180+1"]
[EndTime "10:53:27 PDT"]
[Termination "EvgenyRomanov won by checkmate"]

1. c4 c6 2. e4 d5 3. exd5 cxd5 4. cxd5 Nf6 5. Qa4+ Nbd7 6. Nc3 g6 7. Bc4 Bg7 8. Nf3 O-O 9. d3 a6 10. Qa3 Nb6 11.
Qb3 Bg4 12. Ne5 Bf5 13. f4 Nfd7 14. Nxd7 Nxd7 15. a4 Nc5 16. Qd1 b5 17. axb5 axb5 18. Rxa8 Qxa8 19. Bxb5 Bd4 20. Bc4 e6 21. Ne2 exd5 22.
Nxd4 dxc4 23. O-O Bxd3 24. Re1 Rd8 25. Be3 Ne4 26. Qf3 Qa2 27. Nc6 Re8 28. Bd4 Qa8 29.
Ne5 Nd2 30. Qxa8 Rxa8 31. Ng4 h5 32. Nf6+ Kf8 33. Bc3 Nb3 34. Nd7+ Kg8 35. h3 Ra1 36. Rxa1 Nxa1 37. Ne5 Nb3 38. Kf2 Kf8 39. Nxd3 cxd3 40.
Ke3 Ke7 41. Kxd3 Nc5+ 42. Ke3 Ke6 43. Bd4 Nb3 44. Bc3 Kd5 45. g4 hxg4 46. hxg4 f5 47. gxf5 gxf5 48. Be5 Kc4 49. Ke2 Nc5 50. Kf3 Nb3 51. Kg3 Kd5 52. Kh4 Ke4 53. Kg5 Nc5 54. b4 Ne6+ 55. Kf6 Nxf4 56. Bxf4 Kxf4 57. b5 Ke4 58. b6 f4 59. b7 f3 60. b8=Q f2 61. Qb5 Kf3 62. Qf1 Kg3 63. Kg5 Kf3 64. Kf5 Kg3 65. Ke5 Kf3 66. Kd5 Ke3 67. Kc4 Kf3 68.
Kd3 Kg3 69. Ke2 Kh2 70. Qxf2+ Kh1 71. Qf3+ Kh2 72. Qg4 Kh1 73. Kf2 Kh2 74. Qh4# 1-0

[Event "*** Titled Tuesday Blitz"]
[Site "Chess.com"]
[Date "2020.04.14"]
[Round "5"]
[White "want2lose"]
[Black "Valuebet2000"]
[Result "1/2-1/2"]
[WhiteElo "2755"]
[BlackElo "2554"]
[TimeControl "180+1"]
[EndTime "10:56:05 PDT"]
[Termination "Game drawn - insufficient material"]

1. e4 c6 2. Nc3 d5 3. Nf3 dxe4 4. Nxe4 Nf6 5. Nxf6+ exf6 6. d4 Bd6 7. Bd3 O-O 8. h3 Nd7 9. O-O Re8 10. c3 Nf8 11.
Re1 Rxe1+ 12. Qxe1 Bd7 13. Bd2 Qa5 14. Qd1 Qh5 15.
Nh2 Qxd1+ 16. Rxd1 Ne6 17. Re1 Re8 18. g3 Nc7 19.
Rxe8+ Bxe8 20. Nf1 Bd7 21. h4 g6 22. Ne3 f5 23.
Nc4 Be7 24. Bg5 f6 25. Bf4 Nd5 26. Bb8 a6 27. a4 b5 28. Na5 Nb6 29. axb5 axb5 30.
Bf4 Na4 31. Bc1 Bd8 32. Nb3 Be6 33. Na1 Be7 34. Nc2 Kf7 35. Kf1 Bd5 36. Ke2 Ke6 37. Ne3 Be4 38. f3 Bxd3+ 39. Kxd3 Bd6 40. g4 Nb6 41. gxf5+ gxf5 42. Ng2 Nd5 43. Bd2 Bg3 44. h5 Bd6 45. b3 Bg3 46. c4 bxc4+ 47. bxc4 Nb6 48.
Bf4 Bf2 49. Be3 Bg3 50. Bd2 Bh2 51. Bf4 Bg1 52. Bc7 Na8 53. Nf4+ Kd7 54. Ba5 Bh2 55. Ne2 Bd6 56. d5 cxd5 57. cxd5 Bc7 58. Bc3 Be5 59.
Ba5 Bc7 60. Bd2 Nb6 61. Kd4 Be5+ 62. Kc5 Na4+ 63. Kb4 Nb2 64. Bc3 Nd3+ 65. Kc4 Nf2 66. Bd2 Nd1 67. Nd4 Nb2+ 68. Kc5 Nd3+ 69. Kc4 Nf4 70.
Bxf4 Bxf4 71. Nxf5 Be5 72. Kd3 Bf4 73. Ke4 Be5 74. Ne3 Bb2 75. Ng4 Kd6 76. Nh6 Bc3 77. Nf5+ Kd7 78. Kd3 Bb2 79. Kc4 Ba3 80. Kd4 Bb2+ 81.
Kc5 Bc3 82. d6 Bb2 83. Kd5 Ba3 84. h6 Bb4 85. Ng7 Bxd6 86. Ke4 Ke7 87. Kf5 Kf7 88. Nh5 Be5 89. f4 Bd4 90. Ng3 Bc3 91. Ne4 Bd4 92. Nd6+ Ke7 93. Nb5 Bb2 94. Nc7 Kf7 95. Nd5 Bd4 96.
Kg4 Bb2 97. f5 Bd4 98. Kh5 Be5 99. Ne3 Bd4 100. Ng4 Be5 101. Kh4 Bd4 102. Kg3 Bc3 103. Kf4 Bd4 104. Ke4 Bb2 105. Kd5 Bc3 106. Kd6 Bb2 107. Kd7 Ba3 108. Kc6 Bc1 109. Kd5 Bd2 110. Ke4 Bc1 111. Kf3 Bd2 112. Kg3 Bc1 113. Kh4 Bd2 114. Kh5 Bc1 115. Nf2 Be3 116. Ne4 Bd4 117. Nd6+ Ke7 118. Nb5 Bb2 119. Nc7 Kf7 120. Ne6 Be5 121. Nd8+ Ke8 122. Nc6 Bc3 123. Kg4 Kd7 124. Na7 Be5 125. Nb5 Ke7 126. Na3 Kf7 127. Nc4 Bd4 128. Nd2 Bc3 129. Ne4 Ba1 130. Nd6+ Ke7 131. Nb5 Kf7 132. Nc7 Bb2 133. Nd5 Bd4 134. Kf4 Be5+ 135. Ke4 Bb2 136. Ne3 Bc1 137. Ng4 Bg5 138. Kd5 Bc1 139. Nf2 Bf4 140. Ng4 Bg5 141. Ke4 Bc1 142. Nf2 Bb2 143.
Nd3 Bc3 144. Kd5 Bd2 145. Kd4 Bxh6 146. Ke4 Bd2 147. Kf3 h5 148. Kg3 Kg7 149. Nf2 Kh6 150. Ne4 Be1+ 151. Kh3 Bb4 152. Nxf6 Kg5 153. Nxh5 Kxh5 154. f6 Kg6 155. f7 Kxf7 1/2-1/2

[Event "*** Titled Tuesday Blitz"]
[Site "Chess.com"]
[Date "2020.04.14"]
[Round "6"]
[White "Nafania1"]
[Black "paradise10"]
[Result "1/2-1/2"]
[WhiteElo "2376"]
[BlackElo "2723"]
[TimeControl "180+1"]
[EndTime "10:57:55 PDT"]
[Termination "Game drawn by agreement"]

1. e4 c5 2. Nf3 a6 3. c4 d6 4. d4 cxd4 5. Nxd4 Nf6 6. Nc3 e6 7. Be3 Be7 8. Be2 b6 9. O-O Bb7 10. f3 O-O 11. Qd2 Nbd7 12. a4 Rc8 13. a5 bxa5 14.
Nb3 Ne5 15. Nxa5 Ba8 1/2-1/2

[Event "*** Titled Tuesday Blitz"]
[Site "Chess.com"]
[Date "2020.04.14"]
[Round "6"]
[White "varacalli"]
[Black "HarryCun"]
[Result "1-0"]
[WhiteElo "2381"]
[BlackElo "2136"]
[TimeControl "180+1"]
[EndTime "10:58:48 PDT"]
[Termination "varacalli won by resignation"]

1. e4 c6 2. d4 d5 3. Nd2 dxe4 4. Nxe4 Bf5 5. Ng3 Bg6 6. h4 h6 7. Nh3 e6 8. Nf4 Bh7 9. Bc4 Bd6 10. Ngh5 Bxf4 11.
Bxf4 Qa5+ 12. c3 Nf6 13. Nxg7+ Kf8 14. Bxh6 Bg6 15. Nxe6+ Ke7 16. Bg7 Rg8 17. Bxf6+ Kxf6 18. Ng5 Re8+ 19. Kf1 b5 20. Qf3+ Kg7 21. Bxf7 Rf8 22. Ne6+ Kh8 23. Nxf8 1-0

[Event "*** Titled Tuesday Blitz"]
[Site "Chess.com"]
[Date "2020.04.14"]
[Round "6"]
[White "chessintuit"]
[Black "adricalderon8"]
[Result "1-0"]
[WhiteElo "2617"]
[BlackElo "2445"]
[TimeControl "180+1"]
[EndTime "10:58:52 PDT"]
[Termination "chessintuit won by resignation"]

1. e4 c5 2. Nf3 Nc6 3. Bb5 g6 4.
O-O Bg7 5. Re1 e5 6. b4 Nxb4 7. Bb2 Qe7 8. a3 Nc6 9. Nc3 Nf6 10. Nd5 Nxd5 11. exd5 Nd4 12. Nxd4 cxd4 13. Bxd4 O-O 14. Bc3 Qc5 15. Ba4 Qxd5 16. Bb3 Qc5 17. Bb4 Qc6 18. Bxf8 Kxf8 19. d4 exd4 20. Qe2 Kg8 21. Qe8+ Bf8 22. Qxf7+ 1-0

[Event "*** Titled Tuesday Blitz"]
[Site "Chess.com"]
[Date "2020.04.14"]
[Round "6"]
[White "Riptide27"]
[Black "WhiteKnight2612"]
[Result "0-1"]
[WhiteElo "2477"]
[BlackElo "2695"]
[TimeControl "180+1"]
[EndTime "10:59:04 PDT"]
[Termination "WhiteKnight2612 won by resignation"]

1. e4 e5 2. Bc4 Nc6 3. d3 Bc5 4. Nc3 Nge7 5. a3 O-O 6. Nf3 a6 7. Ng5 h6 8. Qh5 hxg5 9. g4 d5 10. Nxd5 Nxd5 11. Bxd5 Qf6 12. Be3 Bxe3 13. fxe3 Qh6 0-1

[Event "*** Titled Tuesday Blitz"]
[Site "Chess.com"]
[Date "2020.04.14"]
[Round "6"]
[White "Leo_C"]
[Black "KingChess345"]
[Result "0-1"]
[WhiteElo "2245"]
[BlackElo "2086"]
[TimeControl "180+1"]
[EndTime "10:59:06 PDT"]
[Termination "KingChess345 won by resignation"]

1. d4 Nf6 2. c4 e6 3. Nc3 Bb4 4.
e3 b6 5. Nf3 Ne4 6. Qc2 Bb7 7.
Bd3 f5 8. a3 Bxc3+ 9. bxc3 O-O 10. O-O d6 11. Nd2 Qh4 12. f3 Nxd2 13. Bxd2 Nd7 14.
d5 Nc5 15. dxe6 Qf6 16. e7 Rf7 17. e4 f4 18. e5 dxe5 19. Bxh7+ Kh8 20. e8=Q+ Rxe8 21.
Bg6 Rfe7 22. Bxe8 Rxe8 23. Rae1 Ba6 24. Qa4 Nxa4 0-1

[Event "*** Titled Tuesday Blitz"]
[Site "Chess.com"]
[Date "2020.04.14"]
[Round "6"]
[White "stoleriu"]
[Black "Enriquack"]
[Result "1-0"]
[WhiteElo "2475"]
[BlackElo "2291"]
[TimeControl "180+1"]
[EndTime "10:59:13 PDT"]
[Termination "stoleriu won by resignation"]

1. e4 c5 2. Nc3 e6 3. Nf3 a6 4. d4 cxd4 5. Nxd4 b5 6. Bd3 Bb7 7.
O-O Nc6 8. Nxc6 Bxc6 9. Qe2 Qh4 10. f4 Nf6 11. Bd2 Bc5+ 12. Kh1 Ng4 13. h3 Qg3 14. Qxg4 1-0

[Event "*** Titled Tuesday Blitz"]
[Site "Chess.com"]
[Date "2020.04.14"]
[Round "6"]
[White "Ind1anStar"]
[Black "mrsavic77"]
[Result "1/2-1/2"]
[WhiteElo "2610"]
[BlackElo "2767"]
[TimeControl "180+1"]
[EndTime "10:59:17 PDT"]
[Termination "Game drawn by agreement"]

1. c4 e6 2. Nf3 d5 3. e3 Nf6 4. b3 a5 5. Nc3 c6 6. Bb2 Nbd7 7. Be2 g6 8. O-O Bg7 9. Rc1 O-O 10. d4 b6 11.
cxd5 exd5 12. Ne5 Nxe5 13. dxe5 Nd7 14. f4 Nc5 15. Bf3 Ba6 16. Be2 f6 17. Bxa6 Rxa6 18. Ne2 Qe8 19. Bd4 1/2-1/2

[Event "*** Titled Tuesday Blitz"]
[Site "Chess.com"]
[Date "2020.04.14"]
[Round "6"]
[White "CakeinSpace2002"]
[Black "zmeeed67"]
[Result "0-1"]
[WhiteElo "2202"]
[BlackElo "2377"]
[TimeControl "180+1"]
[EndTime "10:59:21 PDT"]
[Termination "zmeeed67 won by resignation"]

1. e4 Nf6 2. e5 Nd5 3. d4 d6 4. Nf3 dxe5 5. Nxe5 Nd7 6. Nxf7 Kxf7 7. Qh5+ Ke6 8. c4 N5f6 9. d5+ Kd6 10. Bf4+ e5 11. dxe6+ Kxe6 12. Qh3+ Kf7 13. c5 Nxc5 14. Bc4+ Be6 15.
Bxe6+ Nxe6 16. Be3 Qd3 17. Nd2 0-1

[Event "*** Titled Tuesday Blitz"]
[Site "Chess.com"]
[Date "2020.04.14"]
[Round "6"]
[White "francyIM"]
[Black "Er_is_geen_hoop_meer"]
[Result "1-0"]
[WhiteElo "2629"]
[BlackElo "2476"]
[TimeControl "180+1"]
[EndTime "10:59:23 PDT"]
[Termination "francyIM won by checkmate"]

1. d4 e5 2. dxe5 d6 3. e4 Nc6 4. Nf3 Bg4 5. Bb5 Qd7 6. h3 Bh5 7. Nc3 O-O-O 8. Be3 a6 9. Ba4 dxe5 10. Qxd7+ Rxd7 11. Bxc6 bxc6 12. Nxe5 Rd6 13. g4 Bg6 14. Bc5 Rd8 15.
Bxf8 Rxf8 16. Nxc6 Kb7 17. Na5+ Kb6 18. Nc4+ Kc5 19.
Nd2 Kd4 20. f4 h5 21. f5 Bh7 22. Kf2 g6 23. Nf3+ Kc4 24. Rad1 c5 25. a3 Rb8 26.
Ne5# 1-0

[Event "*** Titled Tuesday Blitz"]
[Site "Chess.com"]
[Date "2020.04.14"]
[Round "6"]
[White "ecwinslow"]
[Black "RodinMihail"]
[Result "0-1"]
[WhiteElo "2095"]
[BlackElo "2476"]
[TimeControl "180+1"]
[EndTime "10:59:25 PDT"]
[Termination "RodinMihail won by resignation"]

1. d4 d5 2. c4 e6 3. Nc3 c6 4.
Nf3 Nf6 5. e3 Nbd7 6. Bd3 Bd6 7.
Qc2 O-O 8. O-O Qe7 9. e4 dxc4 10. Bxc4 e5 11. d5 Rd8 12. Bg5 h6 13. Bh4 Nf8 14. Rad1 Ng6 15. Bxf6 Qxf6 16. Ne2 Bg4 17. Rd3 b5 18.
Bb3 c5 19. h3 Bd7 0-1

[Event "*** Titled Tuesday Blitz"]
[Site "Chess.com"]
[Date "2020.04.14"]
[Round "6"]
[White "amiralfio"]
[Black "AsaHoffmann"]
[Result "1-0"]
[WhiteElo "2538"]
[BlackElo "2306"]
[TimeControl "180+1"]
[EndTime "10:59:35 PDT"]
[Termination "amiralfio won by resignation"]

1. d4 Nf6 2. Bf4 d6 3. Nc3 b6 4. e4 Bb7 5. Bd3 Nbd7 6. Nf3 c5 7. d5 g6 8. h4 Bg7 9. Qd2 h6 10.
O-O-O a6 11. e5 dxe5 12. Nxe5 Nh5 13. Nxg6 Nxf4 14. Qxf4 Nf6 15. Nxh8 Bxh8 16. Qxh6 Kd7 17. Bf5+ Kc7 18. Rhe1 Qd6 19. Rxe7+ Kb8 1-0

[Event "*** Titled Tuesday Blitz"]
[Site "Chess.com"]
[Date "2020.04.14"]
[Round "6"]
[White "NDePinEsPeRG"]
[Black "KetiTsatsalashvili"]
[Result "1-0"]
[WhiteElo "2892"]
[BlackElo "2223"]
[TimeControl "180+1"]
[EndTime "10:59:42 PDT"]
[Termination "NDePinEsPeRG won by resignation"]

1. e4 c5 2. Nf3 d6 3. d4 cxd4 4. Nxd4 Nf6 5. Nc3 Nc6 6. Bg5 e6 7. Qd3 a6 8. O-O-O Qc7 9. Bxf6 gxf6 10. Be2 Bd7 11. Bh5 Bh6+ 12. Kb1 Ne5 13. Qh3 b5 14. Rhf1 b4 15. Nce2 a5 16. f4 Ng6 17. f5 Ne5 18. fxe6 Bc8 19. Bxf7+ Ke7 20. Qxh6 1-0

[Event "*** Titled Tuesday Blitz"]
[Site "Chess.com"]
[Date "2020.04.14"]
[Round "6"]
[White "JakeCarlosBanawa"]
[Black "DACF2905"]
[Result "1-0"]
[WhiteElo "2335"]
[BlackElo "2158"]
[TimeControl "180+1"]
[EndTime "10:59:42 PDT"]
[Termination "JakeCarlosBanawa won by resignation"]

1. d4 Nf6 2. c4 e6 3. Nc3 Bb4 4. Nf3 b6 5. Bg5 Bb7 6. e3 O-O 7. Bd3 h6 8. Bh4 c5 9. O-O d5 10.
cxd5 Bxc3 11. bxc3 exd5 12. Ne5 Nc6 13. Ng4 c4 14. Bc2 g5 15. Nxh6+ Kh8 16. Bxg5 Qd6 17.
Qf3 Ne4 18. Bxe4 dxe4 19. Bf6+ Kh7 20. Qf5+ 1-0

[Event "*** Titled Tuesday Blitz"]
[Site "Chess.com"]
[Date "2020.04.14"]
[Round "6"]
[White "serhanberat_ozdemir"]
[Black "ketster"]
[Result "1-0"]
[WhiteElo "2439"]
[BlackElo "2270"]
[TimeControl "180+1"]
[EndTime "10:59:43 PDT"]
[Termination "serhanberat_ozdemir won by checkmate"]

1. e4 e5 2. Nf3 Nc6 3. d4 exd4 4. Bc4 Nf6 5. e5 d5 6. Bb5 Ne4 7. Nxd4 Bd7 8. Bxc6 bxc6 9. O-O Bc5 10. f3 Ng5 11. f4 Ne4 12. Be3 Bb6 13. Nd2 Nxd2 14. Qxd2 c5 15.
Nf3 d4 16. Bf2 Bc6 17. Bh4 Qd5 18. f5 c4 19. Qg5 Bc5 20. Rae1 O-O 21. f6 g6 22. Qh6 Rfe8 23. Qg7# 1-0

[Event "*** Titled Tuesday Blitz"]
[Site "Chess.com"]
[Date "2020.04.14"]
[Round "6"]
[White "SlavenPastar"]
[Black "picturesquecheck"]
[Result "1-0"]
[WhiteElo "2414"]
[BlackElo "2215"]
[TimeControl "180+1"]
[EndTime "10:59:45 PDT"]
[Termination "SlavenPastar won by resignation"]

1. e4 c5 2. Nc3 d6 3. f4 Nc6 4.
Nf3 g6 5. Bb5 Bg7 6. Bxc6+ bxc6 7. d3 Nf6 8. O-O O-O 9. Qe1 h5 10. b3 Nd7 11. Bb2 Rb8 12. Na4 Nb6 13. Bxg7 Kxg7 14.
Nb2 Kg8 15. Qh4 e6 16. Qf2 Qf6 17. e5 Qg7 18. Nc4 d5 19. Nd6 Nd7 20. Ng5 Ba6 21. Rfe1 c4 22. Qxa7 f6 23. Nxe6 1-0

[Event "*** Titled Tuesday Blitz"]
[Site "Chess.com"]
[Date "2020.04.14"]
[Round "6"]
[White "Mastroskaki"]
[Black "aa175"]
[Result "1-0"]
[WhiteElo "2721"]
[BlackElo "2365"]
[TimeControl "180+1"]
[EndTime "10:59:47 PDT"]
[Termination "Mastroskaki won by resignation"]

1. d4 Nf6 2. Nf3 g6 3. e3 Bg7 4. Be2 d5 5. O-O O-O 6. b4 b6 7.
Nbd2 Bb7 8. Rb1 Nbd7 9. c4 dxc4 10. Nxc4 Ne4 11. Bb2 Ndf6 12. Nfe5 Nd5 13. Qb3 b5 14. Na5 Nd2 15. Nxb7 Qc8 16. Qxd5 Bxe5 17. dxe5 Nxb1 18. e6 fxe6 19. Qd4 e5 20. Qd5+ e6 21. Qxe5 Kf7 22.
Qg7+ Ke8 23. Bxb5+ 1-0

[Event "*** Titled Tuesday Blitz"]
[Site "Chess.com"]
[Date "2020.04.14"]
[Round "6"]
[White "jerry_77"]
[Black "Stewie_89"]
[Result "0-1"]
[WhiteElo "2462"]
[BlackElo "2628"]
[TimeControl "180+1"]
[EndTime "10:59:51 PDT"]
[Termination "Stewie_89 won by resignation"]

1. e4 Nf6 2. e5 Nd5 3. Nf3 d6 4.
d4 g6 5. c4 Nb6 6. exd6 cxd6 7. Nc3 Bg7 8. Be3 O-O 9. Qd2 Nc6 10. Bh6 Bg4 11. Bxg7 Kxg7 12. h3 Bxf3 13. gxf3 e5 14. d5 Nd4 15. Be2 Nxc4 16. Qd3 Rc8 17. O-O-O Qa5 18. Qxc4 Rxc4 19. Bxc4 Rc8 20. Bb3 Nxb3+ 21. axb3 Rxc3+ 22. bxc3 Qxc3+ 23. Kb1 Qxb3+ 24. Ka1 Qxf3 25. h4 h5 0-1

[Event "*** Titled Tuesday Blitz"]
[Site "Chess.com"]
[Date "2020.04.14"]
[Round "6"]
[White "claudyna16"]
[Black "OK97"]
[Result "0-1"]
[WhiteElo "2530"]
[BlackElo "2729"]
[TimeControl "180+1"]
[EndTime "10:59:52 PDT"]
[Termination "OK97 won by resignation"]

1. c4 g6 2. g3 Bg7 3. Bg2 c5 4.
Nc3 Nc6 5. e3 d6 6. Nge2 Nf6 7.
O-O O-O 8. h3 Bd7 9. b3 Qc8 10.
Kh2 a6 11. d4 Rb8 12. Bb2 b5 13. cxb5 axb5 14. dxc5 dxc5 15. Rc1 Rd8 16. Qc2 Nb4 17. Qb1 Bc6 18. e4 Nd3 19. Rcd1 Nxb2 20. Rxd8+ Qxd8 21. Qxb2 b4 22. Nb1 Ng4+ 0-1

[Event "*** Titled Tuesday Blitz"]
[Site "Chess.com"]
[Date "2020.04.14"]
[Round "6"]
[White "m-garcett"]
[Black "The_Chess_Coach"]
[Result "0-1"]
[WhiteElo "1991"]
[BlackElo "2165"]
[TimeControl "180+1"]
[EndTime "10:59:53 PDT"]
[Termination "The_Chess_Coach won by resignation"]

1. e4 e5 2. Nf3 Nc6 3. Bb5 a6 4. Ba4 Nf6 5. O-O Be7 6. Re1 b5 7. Bb3 O-O 8. h3 Bb7 9. c3 d5 10. exd5 Nxd5 11. Nxe5 Nxe5 12. Rxe5 Qd6 13. d4 Bf6 14.
Rf5 Rfe8 15. Nd2 g6 16. Rf3 Re7 17. Nf1 Rae8 18. Ng3 Re1+ 0-1

[Event "*** Titled Tuesday Blitz"]
[Site "Chess.com"]
[Date "2020.04.14"]
[Round "6"]
[White "gmjoey1"]
[Black "chenxiaoyuer"]
[Result "1-0"]
[WhiteElo "2565"]
[BlackElo "2103"]
[TimeControl "180+1"]
[EndTime "11:00:01 PDT"]
[Termination "gmjoey1 won by checkmate"]

1. e4 c5 2. c3 d5 3. exd5 Qxd5 4. d4 Nc6 5. Nf3 g6 6. Na3 Bg7 7. Nb5 Qd8 8. Bf4 e5 9. dxe5 Qxd1+ 10. Rxd1 Nge7 11.
Nc7+ Kf8 12. Nxa8 Bg4 13. Be2 Bxf3 14. Bxf3 h5 15. h4 Bxe5 16. Bxe5 Nxe5 17. Rd8+ Kg7 18.
Rxh8 Kxh8 19. Ke2 Nxf3 20. Kxf3 Nd5 21. Rd1 Nf6 22. Nc7 Kg7 23. Rd8 a5 24. Ne8+ Nxe8 25. Rxe8 a4 26. Ra8 a3 27. Rxa3 b5 28. Ra5 b4 29. Rxc5 b3 30. axb3 Kf6 31. Kf4 Ke6 32. b4 Kd6 33. g4 hxg4 34. Kxg4 f5+ 35. Kg5 f4 36. Kxf4 Ke6 37. Kg5 Kf7 38. Rc6 Ke7 39.
Rxg6 Kd7 40. h5 Kc7 41. h6 Kb7 42. h7 Kc7 43. h8=Q Kb7 44. f4 Kc7 45. f5 Kb7 46.
Re6 Kc7 47. f6 Kb7 48. f7 Kc7 49. Kf5 Kb7 50. Qg7 Kc7 51. f8=Q# 1-0

[Event "*** Titled Tuesday Blitz"]
[Site "Chess.com"]
[Date "2020.04.14"]
[Round "6"]
[White "TastyTablet"]
[Black "kasparicy"]
[Result "1-0"]
[WhiteElo "2580"]
[BlackElo "2342"]
[TimeControl "180+1"]
[EndTime "11:00:02 PDT"]
[Termination "TastyTablet won on time"]

1. e4 c5 2. Nf3 d6 3. d4 cxd4 4.
Nxd4 Nf6 5. Nc3 a6 6. f3 e6 7. Be3 b5 8. Qd2 b4 9. Na4 Nbd7 10. g4 h6 11. O-O-O 1-0